 Dungeon Crawl Stone Soup version 0.25-a0-294-gea9b1ad378 (webtiles) character file.

Game seed: 16902046402763867227, levelgen mode: deterministic

32019 roxor the Grappler (level 13, -8/117 HPs)
             Began as a Troll Wizard on Dec 19, 2019.
             Was a High Priest of Okawaru.
             Mangled by Frances
             ... wielding a +0 glaive
              (24 damage)
             ... on level 14 of the Dungeon.
             The game lasted 00:42:24 (11549 turns).

roxor the Grappler (Troll Wizard)                  Turns: 11549, Time: 00:42:26

Health: -8/117     AC: 18    Str: 18    XL:     13   Next: 29%
Magic:  11/18      EV: 16    Int: 18    God:    Okawaru [*****.]
Gold:   1081       SH: 11    Dex:  8    Spells: 14/20 levels left

rFire    . . .     SeeInvis .     - Unarmed
rCold    + . .     Gourm    +   W - +2 shield {rC+}
rNeg     . . .     Faith    .   I - +0 steam dragon scales
rPois    .         Spirit   .   b - +1 hat
rElec    .         Reflect  .   G - +0 cloak
rCorr    .         Harm     .   (gloves unavailable)
MR       .....                  (boots unavailable)
Stlth    +++.......             (no amulet)
HPRegen  0.69/turn              l - +4 ring of protection
MPRegen  0.16/turn              y - +3 ring of evasion

@: heroism, finesse
A: large, unfitting armour, claws 3, repulsion field 1, fast metabolism 3,
gourmand, regeneration 1, shaggy fur 1, tough skin 3, no potion heal 1
a: Heroism, Finesse, Renounce Religion


You were on level 14 of the Dungeon.
You worshipped Okawaru.
Okawaru was extremely pleased with you.
You were very hungry.

You visited 2 branches of the dungeon, and saw 14 of its levels.
You also visited: Bailey and Ice Cave.

You collected 1081 gold pieces.

Inventory:

Hand Weapons
 Y - a +9 scimitar of flaming
Missiles
 i - 29 poisoned darts
 p - 7 large rocks
 C - 64 boomerangs (quivered)
 L - 6 javelins
Armour
 b - a +1 hat (worn)
 G - a +0 cloak (worn)
 H - a +0 robe of positive energy
 I - +0 steam dragon scales (worn)
 Q - a scarf of cloud immunity
 R - a +2 robe of cold resistance
 W - a +2 shield of cold resistance (worn)
Jewellery
 l - a +4 ring of protection (left claw)
 m - an uncursed ring of flight
 t - the ring "Uhoiniuf" {rN+ Dex+3 SInv}
   (You found it on level 8 of the Dungeon)

   [ring of see invisible]

   It affects your dexterity (+3).
   It protects you from negative energy.
   It lets you see invisible.
 y - a +3 ring of evasion (right claw)
 A - an uncursed ring of protection from cold
 K - an uncursed ring of poison resistance
 U - a +3 amulet of reflection
 X - an uncursed ring of ice
Wands
 a - a wand of polymorph (27)
 r - a wand of digging (1)
 D - a wand of iceblast (15)
 O - a wand of paralysis (8)
 P - a wand of enslavement (8)
Scrolls
 e - 3 scrolls of identify
 f - 6 scrolls of teleportation
 g - a scroll of amnesia
 j - 4 scrolls of remove curse
 k - a scroll of random uselessness
 n - 3 scrolls of enchant armour
 o - a scroll of immolation
 u - a scroll of fog
 w - a scroll of noise {unknown}
 B - 2 scrolls of blinking {unknown}
 E - a scroll of holy word {unknown}
 F - 3 scrolls of fear {unknown}
 M - a scroll of summoning {unknown}
 N - a scroll of brand weapon {unknown}
 S - a scroll of magic mapping
Potions
 c - 3 potions of ambrosia
 h - 5 potions of curing
 q - 3 potions of resistance
 s - a potion of brilliance
 v - a potion of might
 z - a potion of agility
 J - 2 potions of heal wounds
 T - a potion of berserk rage
 V - a potion of magic
Comestibles
 d - 19 rations


   Skills:
 + Level 4.5(9.5) Fighting
 + Level 7.0(12.0) Throwing
 * Level 7.1(12.1) Armour
 - Level 1.5(6.5) Dodging
 - Level 1.0(6.0) Stealth
 * Level 1.1(6.1) Shields
 + Level 13.0(18.0) Unarmed Combat
 * Level 4.2 Spellcasting
 * Level 3.5 Conjurations
   Level 0.6 Summonings
 - Level 3.6 Translocations
 * Level 3.3 Fire Magic
 - Level 7.0 Invocations
 + Level 3.1 Evocations


You had 14 spell levels left.
You knew the following spells:

 Your Spells              Type           Power        Failure   Level  Hunger
a - Magic Dart            Conj           ###.         6%          1    None
b - Blink                 Tloc           N/A          9%          2    ##.....
c - Conjure Flame         Conj/Fire      ###.....     21%         3    ###....

Your spell library contained the following spells:

 Spells                   Type           Power        Failure   Level  Hunger
 Gell's Gravitas          Tloc           ###.......   19%         3    ###....
 Confusing Touch          Hex            #.....       26%         1    None
 Call Imp                 Summ           #.......     32%         2    ##.....
 Slow                     Hex            #.......     38%         2    ##.....
 Mephitic Cloud           Conj/Pois/Air  #.......     45%         3    ###....
 Confuse                  Hex            #.......     63%         3    ###....
 Petrify                  Tmut/Erth      #.......     95%         4    ####...
 Metabolic Englaciation   Hex/Ice        #.........   100%        5    ######.
 Yara's Violent Unravell  Hex/Tmut       #.........   100%        5    ######.


Dungeon Overview and Level Annotations

Branches:
Dungeon (14/15)            Temple (1/1) D:4            Lair (0/6) D:11
    Orc (0/2) D:9          Vaults (0/5) D:14         Bailey (visited)
  IceCv (visited)

Altars:
Ashenzari
Cheibriados
Elyvilon
Fedhas
Gozag
Hepliaklqana
Kikubaaqudgha
Makhleb
Nemelex Xobeh
Okawaru
Ru
Sif Muna
Trog
Vehumet
Wu Jian
Xom
Yredelemnul
Zin
The Shining One
Beogh

Shops:
D:8 (   D:14 *

Annotations:
D:10 exclusion: downstairs
D:14 Frances


Innate Abilities, Weirdness & Mutations

You are too large for most types of armour.
You have claws for hands.
Your metabolism is lightning-fast.
You like to eat raw meat.
Your natural rate of healing is unusually fast.
You are covered in fur. (AC +1)
You have extremely tough skin. (AC +3)
You are surrounded by a mild repulsion field. (EV +2)
Potions are less effective at restoring your health.


Message History

The smoke demon barely misses you.
The smoke demon hits you but does no damage. x2
Something hits you!
* * * LOW HITPOINT WARNING * * *
You barely miss the smoke demon. You block the red devil's attack.
You closely miss the smoke demon. The smoke demon gestures at you.
Something smites you!
* * * LOW HITPOINT WARNING * * *
You scratch the smoke demon but do no damage.
Something barely misses you.
You scratch the smoke demon.
The smoke demon is lightly wounded.
You closely miss the smoke demon.
The smoke demon is lightly wounded.
The red devil closely misses you.
The smoke demon hits you but does no damage.
The smoke demon completely misses you. The smoke demon misses you.
Something hits you!!
You die...

,*,,,*,..#.,****,*,*,,* #..#
,*,,*,,...#.** **,*##.*** #..#
****,,,.....,* **#.≈.,,** #..#
,*,,*,,...#..* *#.≈.#,*,** #..#
,*,,,*,Y.#...####..O≈^,≈,≈***#..#
*,*,,,**#....Y#...(.^_,,,,,,,...#
,,,*,,*,,*,,#34.#,≈,≈,^.^_***##.#
,,,,***,,,*,##{3##≈,,≈..≈*** #.#
,,,,*,,*,,.,#.<#@#*,*..≈*#.##**,*
,,,,*,,,*,....##.###*^#**#...,...
,,,*,*,,...........##.# #..#*#.#
*,*,,,*,.....#####.#..# #..# #.#
,,,,,,,,.....,** #...#* #..# #.#
**,,****.....,,* ##.## #..# #.#
,,,,****.#..,,#####..#####..# #.#
**,,,,,,,,,,,...............###.#
*,,*********#############....?..


You could see a soul eater, a smoke demon, a red devil and an ice beast.

Vanquished Creatures
  Azrael (D:14)
  Fannar (D:10)
  A vault guard (D:14)
  2 two-headed ogres
  A centaur warrior (D:14)
  A tengu warrior (D:14)
  A deep troll (D:14)
  Pikel (D:6)
  3 ugly things
  A cyclops (D:14)
  A salamander (shapeshifter) (D:14)
  3 ice statues (IceCv)
  A gargoyle (D:11)
  A guardian serpent (shapeshifter) (D:14)
  A troll (D:11)
  Grinder (D:5)
  A hippogriff (D:8)
  Sigmund (D:4)
  A wyvern (D:8)
  4 fire elementals (D:14)
  A yak (D:11)
  A steam dragon (D:7)
  3 hungry ghosts
  2 hell hounds (D:14)
  3 porcupines
  Duvessa (D:5)
  13 orc warriors
  An eye of draining (D:12)
  4 sky beasts
  6 black bears
  16 ice beasts
  A necrophage (D:9)
  8 centaurs
  5 ogres
  2 big kobolds
  6 bullfrogs
  A wyvern zombie (D:6)
  A wyvern skeleton (D:8)
  Dowan (D:5)
  2 scorpions
  7 wights
  2 howler monkeys
  An electric eel (D:11)
  7 crimson imps
  A quasit (D:8)
  4 jellies
  2 centaur skeletons (D:6)
  7 orc priests
  5 hounds
  11 orc wizards
  4 bullfrog skeletons
  3 iguanas
  5 worker ants
  Natasha (thrice) (D:2)
  A killer bee zombie (D:7)
  A hound zombie (D:5)
  2 worker ant zombies (D:5)
  A howler monkey zombie (D:8)
  Robin (D:3)
  2 gnolls (Bailey)
  10 adders
  3 shadow imps
  An adder zombie (D:5)
  3 adder skeletons
  A worm (D:2)
  5 dart slugs
  5 leopard geckos
  85 orcs
  A ball python (D:2)
  8 bats
  4 giant cockroaches
  18 goblins
  9 hobgoblins
  4 jackals
  32 kobolds
  7 quokkas
  7 frilled lizards
  A leopard gecko zombie (D:9)
  A quokka skeleton (D:8)
  4 rats
  A plant (D:11)
386 creatures vanquished.

Vanquished Creatures (others)
  Ijyb (D:5)
  8 fungi (D:11)
  4 plants
13 creatures vanquished.

Grand Total: 399 creatures vanquished

Notes
Turn   | Place    | Note
-------+----------+-------------------------------------------
     0 | D:1      | roxor the Troll Wizard began the quest for the Orb.
     0 | D:1      | Reached XP level 1. HP: 16/16 MP: 2/2
   161 | D:1      | Reached skill level 1 in Conjurations
   161 | D:1      | Reached XP level 2. HP: 24/24 MP: 4/4
   168 | D:1      | Learned a level 2 spell: Blink
   523 | D:1      | Reached skill level 1 in Translocations
   959 | D:2      | Reached XP level 3. HP: 31/31 MP: 5/5
   964 | D:2      | Learned a level 3 spell: Conjure Flame
   969 | D:2      | Noticed an ogre
   983 | D:2      | Killed an ogre
   983 | D:2      | Reached skill level 1 in Unarmed Combat
   983 | D:2      | Reached XP level 4. HP: 39/39 MP: 5/7
  1122 | D:2      | Reached skill level 2 in Unarmed Combat
  1161 | D:2      | Noticed a sky beast
  1182 | D:2      | Killed a sky beast
  1182 | D:2      | Reached XP level 5. HP: 35/45 MP: 8/8
  1379 | D:2      | Noticed Natasha
  1386 | D:2      | Killed Natasha
  1386 | D:2      | Reached skill level 1 in Throwing
  1386 | D:2      | Reached skill level 3 in Unarmed Combat
  1430 | D:2      | Noticed Natasha
  1435 | D:2      | Killed Natasha
  1435 | D:2      | Reached XP level 6. HP: 40/53 MP: 9/9
  1448 | D:2      | Noticed Natasha
  1456 | D:2      | Killed Natasha
  1841 | D:3      | Found a shattered altar of Ashenzari.
  2092 | D:4      | Noticed Robin
  2177 | D:3      | Killed Robin
  2270 | D:4      | Noticed Sigmund
  2287 | D:4      | Killed Sigmund
  2287 | D:4      | Reached skill level 4 in Unarmed Combat
  2287 | D:4      | Reached XP level 7. HP: 35/61 MP: 10/10
  2730 | D:4      | Found an opulent altar of Gozag.
  2730 | D:4      | Found an ornate altar of the Wu Jian Council.
  2735 | D:4      | Found an ancient bone altar of Kikubaaqudgha.
  2737 | D:4      | Found a hazy altar of Hepliaklqana.
  2738 | D:4      | Found a shimmering altar of Xom.
  2811 | D:4      | Reached skill level 5 in Unarmed Combat
  2951 | D:4      | Reached skill level 1 in Fighting
  3146 | D:4      | Found a staircase to the Ecumenical Temple.
  3150 | Temple   | Entered the Ecumenical Temple
  3197 | Temple   | Became a worshipper of Warmaster Okawaru
  3652 | D:5      | Entered Level 5 of the Dungeon
  3660 | D:5      | Found a blossoming altar of Fedhas.
  3683 | D:5      | Noticed Grinder
  3730 | D:5      | Killed Grinder
  3730 | D:5      | Reached skill level 6 in Unarmed Combat
  3730 | D:5      | Reached XP level 8. HP: 17/70 MP: 9/11
  3914 | D:5      | Noticed Duvessa
  3914 | D:5      | Noticed Dowan
  3933 | D:5      | Killed Duvessa
  3944 | D:5      | Killed Dowan
  3944 | D:5      | Reached * piety under Okawaru
  4009 | D:5      | Reached skill level 7 in Unarmed Combat
  4333 | D:5      | Noticed Ijyb
  4340 | D:5      | Killed Ijyb
  4624 | D:5      | Reached skill level 8 in Unarmed Combat
  4823 | D:6      | Reached ** piety under Okawaru
  4865 | D:6      | Reached XP level 9. HP: 68/79 MP: 12/12
  4949 | D:6      | Reached skill level 1 in Armour
  5060 | D:6      | Reached skill level 9 in Unarmed Combat
  5525 | D:7      | Noticed Pikel
  5547 | D:6      | Killed Pikel
  5547 | D:6      | Reached *** piety under Okawaru
  5547 | D:6      | Reached skill level 1 in Invocations
  5606 | D:7      | Gained mutation: You are somewhat resistant to further
                  | mutation. [potion of mutation]
  5606 | D:7      | Gained mutation: You are clumsy. (Dex -2) [potion of
                  | mutation]
  5607 | D:7      | Lost mutation: You are clumsy. (Dex -2) [potion of
                  | mutation]
  5607 | D:7      | Lost mutation: You are somewhat resistant to further
                  | mutation. [potion of mutation]
  5607 | D:7      | Gained mutation: Your magical capacity is low. (-10% MP)
                  | [potion of mutation]
  5607 | D:7      | Gained mutation: Potions are less effective at restoring
                  | your health. [potion of mutation]
  5607 | D:7      | Gained mutation: Your mind is acute. (Int +2) [potion of
                  | mutation]
  5608 | D:7      | Lost mutation: Your magical capacity is low. (-10% MP)
                  | [potion of mutation]
  5608 | D:7      | Lost mutation: Your mind is acute. (Int +2) [potion of
                  | mutation]
  5608 | D:7      | Gained mutation: You are surrounded by a mild repulsion
                  | field. (EV +2) [potion of mutation]
  5850 | D:7      | Reached skill level 10 in Unarmed Combat
  6120 | D:7      | Found a shimmering blue altar of Sif Muna.
  6298 | D:8      | Found Ahih's Weapon Emporium.
  6409 | D:8      | Found a flagged portal.
  6431 | Bailey   | Entered a bailey
  6437 | Bailey   | Noticed an orc warlord
  6462 | Bailey   | Reached **** piety under Okawaru
  6469 | Bailey   | Received a gift from Okawaru
  6469 | Bailey   | Reached XP level 10. HP: 33/87 MP: 13/13
  6674 | Bailey   | Found a runed translucent gate.
  6675 | Bailey   | Found a runed translucent gate.
  6678 | Bailey   | Found a runed translucent gate.
  6954 | Bailey   | Reached skill level 5 in Throwing
  6954 | Bailey   | Reached skill level 11 in Unarmed Combat
  6954 | Bailey   | Reached skill level 1 in Fire Magic
  6954 | Bailey   | Reached XP level 11. HP: 97/97 MP: 13/15
  6955 | Bailey   | Reached skill level 5 in Armour
  6955 | Bailey   | Reached XP level 12. HP: 107/107 MP: 13/16
  7010 | D:8      | Found a bloodstained altar of Trog.
  7119 | D:8      | Got a steaming pewter ring
  7194 | D:8      | Identified the ring "Uhoiniuf" {rN+ Dex+3 SInv} (You found
                  | it on level 8 of the Dungeon)
  7660 | D:9      | Found a staircase to the Orcish Mines.
  8149 | D:10     | Entered Level 10 of the Dungeon
  8152 | D:10     | Noticed Fannar
  8177 | D:10     | Killed Fannar
  8572 | D:11     | Found a staircase to the Lair.
  9157 | D:11     | Reached skill level 12 in Unarmed Combat
  9364 | D:11     | Found a roughly hewn altar of Beogh.
  9371 | D:11     | Received a gift from Okawaru
  9583 | D:11     | Noticed a two-headed ogre
  9606 | D:11     | Killed a two-headed ogre
  9722 | D:11     | Found a blossoming altar of Fedhas.
  9722 | D:11     | Found a blossoming altar of Fedhas.
 10352 | D:12     | You fall into a shaft and drop 2 floors!
 10352 | D:14     | Noticed a tengu warrior
 10352 | D:14     | Noticed a centaur warrior
 10356 | D:14     | Killed a centaur warrior
 10362 | D:14     | Killed a tengu warrior
 10410 | D:14     | Reached ***** piety under Okawaru
 10427 | D:14     | Noticed a vault guard
 10435 | D:14     | Killed a vault guard
 10458 | D:14     | Found a gate to the Vaults.
 10494 | D:14     | Found a frozen archway.
 10511 | D:14     | Reached XP level 13. HP: 95/117 MP: 17/17
 10603 | D:14     | Found Eraycoli's Assorted Antiques.
 10635 | IceCv    | Entered an ice cave
 10645 | IceCv    | Received a gift from Okawaru
 11303 | D:14     | Noticed Azrael
 11318 | D:14     | Killed Azrael
 11336 | D:14     | Reached skill level 1 in Shields
 11519 | D:14     | Found a shimmering altar of Xom.
 11526 | D:14     | Noticed Frances
 11542 | D:14     | Reached skill level 13 in Unarmed Combat
 11549 | D:14     | Mangled by Frances

Levels and vault maps discovered:
D:1:      dpeg_arrival_simpleton_a, layout_loops_ring, roderic_roman_lattice,
          st_stairs_5, item_on_display_a
D:2:      layout_basic, patterned_corridor, uniq_natasha
D:3:      layout_rooms, cheibrodos_ashenzari_chains
D:4:      minmay_wonky_spiral, layout_loops_corners,
          chequers_temple_overflow_minitemple, temple_statues,
          chequers_serial_rivers_room_b, guppyfry_early_orc_mine, uniq_robin,
          uniq_sigmund
D:5:      layout_loops_ring, kennysheep_little_box, first_ration, serial_glass,
          glass_columns_a, glass_columns_a, uniq_grinder, uniq_ijyb,
          uniq_duvessa
D:6:      layout_rooms
D:7:      layout_basic, serial_glass, glass_columns_a, glass_columns_b,
          led_sif_pool, uniq_pikel
D:8:      layout_basic, serial_shops, shop, enter_bailey_3,
          trog_three_pillars_becter
D:9:      layout_rooms, hiddenorc2_lemuel
D:10:     layout_rooms, uniq_fannar
D:11:     cheibrodos_helix_gallery, layout_gridville,
          due_lair_maze_entry_diamond, special_room [special_room_orc],
          basic_altar, fedhas_altar_3
D:12:     layout_roguey
D:14:     minmay_the_grid_triangle_9x9_rhombus_full_mashed
          [minmay_the_grid_triangle_9x9_limited_checkers,
          minmay_the_grid_triangle_9x9_longest,
          minmay_the_grid_triangle_9x9_thin_v,
          minmay_the_grid_triangle_9x9_fully_insulated_deathbox,
          minmay_the_grid_triangle_9x9_minimal,
          minmay_the_grid_triangle_9x9_pentomino_pain,
          minmay_the_grid_triangle_9x9_corruption,
          minmay_the_grid_triangle_9x9_prize_special], layout_loops_ring,
          david_vaults_4, minmay_splitting_lines, serial_shops,
          nicolae_shop_overgrown_old_shop, portal_ice_cave_entry_ice_beasts,
          st_stairs_6, xom_redecorated, uniq_frances, uniq_azrael
Temple:   regret_index_temple_waves

Skill      XL: |  1  2  3  4  5  6  7  8  9 10 11 12 13 |
---------------+----------------------------------------+-----
Conjurations   | 1 2 3 |  3.5
Translocations | 1 2 3 |  3.6
Unarmed Combat | 1 2 3 4 6 8 10 11 12 13 | 13.0
Throwing       | 1 2 3 4 5 6 7 |  7.0
Spellcasting   | 3 4 |  4.2
Fighting       | 1 2 3 4 |  4.5
Armour         | 2 4 5 6 7 |  7.1
Invocations    | 2 4 6 7 |  7.0
Fire Magic     | 1 2 3 |  3.3
Evocations     | 2 3 |  3.1
Shields        | 1 |  1.1
Dodging        | |  1.5
Stealth        | |  1.0
Summonings     | |  0.6

Action                   |  1- 3 |  4- 6 |  7- 9 | 10-12 | 13-15 || total
-------------------------+-------+-------+-------+-------+-------++-------
Melee: Unarmed           |    78 |   199 |   428 |   506 |   175 ||  1386
       Punch             |       |     2 |     9 |    25 |       ||    36
Throw: Dart              |     6 |     7 |    40 |    56 |       ||   109
       Boomerang         |       |       |    11 |    22 |    47 ||    80
       Large rock        |       |       |       |       |     7 ||     7
       Javelin           |       |       |       |       |     6 ||     6
 Cast: Magic Dart        |       |       |     4 |       |       ||     4
Invok: Heroism           |       |       |       |     4 |     2 ||     6
       Finesse           |       |       |       |       |     1 ||     1
 Abil: Evoke Flight      |       |       |       |     6 |       ||     6
       Stop Flying       |       |       |       |     1 |       ||     1
  Use: Scroll            |       |       |    13 |     8 |     8 ||    29
       Potion            |       |       |     3 |     2 |     1 ||     6
 Stab: Sleeping          |     1 |     1 |     1 |     1 |       ||     4
  Eat: Chunk             |    10 |    17 |    38 |    44 |     2 ||   111
       Ration            |       |       |       |       |     1 ||     1
Armor: Robe              |    42 |    87 |   141 |    28 |       ||   298
       Steam dragon scal |       |       |       |   223 |    81 ||   304
Dodge: Dodged            |    47 |    85 |   254 |   263 |    59 ||   708
Block: Shield            |       |       |       |       |    58 ||    58

Table legend:
 A = Non-vault XP
 B = Vault XP
 C = Vault XP percentage of total XP
 D = Non-vault monster count
 E = Vault monster count
 F = Vault count percentage of total count
                 A         B        C        D         E       F
            +---------+---------+-------+---------+---------+-------
      Total |   12130 |   16418 |  57.5 |     232 |     154 |  39.9
            +---------+---------+-------+---------+---------+-------
        D:1 |      32 |       6 |  15.8 |      18 |       2 |  10.0
        D:2 |     367 |      35 |   8.7 |      26 |       1 |   3.7
        D:3 |      44 |      27 |  38.0 |      10 |       7 |  41.2
        D:4 |      98 |     501 |  83.6 |       7 |      15 |  68.2
        D:5 |     855 |     536 |  38.5 |      44 |       4 |   8.3
        D:6 |    1155 |     651 |  36.0 |      26 |       1 |   3.7
        D:7 |     531 |       0 |   0.0 |       7 |       0 |   0.0
        D:8 |    1432 |     148 |   9.4 |      32 |       7 |  17.9
        D:9 |     717 |     155 |  17.8 |       9 |      29 |  76.3
       D:10 |     269 |    1273 |  82.6 |       7 |       3 |  30.0
       D:11 |    3791 |    1617 |  29.9 |      32 |      27 |  45.8
       D:12 |     378 |       0 |   0.0 |       3 |       0 |   0.0
       D:14 |    2461 |    7480 |  75.2 |      11 |      21 |  65.6
     Bailey |       0 |     702 | 100.0 |       0 |      26 | 100.0
      IceCv |       0 |    3287 | 100.0 |       0 |      11 | 100.0
            +---------+---------+-------+---------+---------+-------
